 Dungeon Crawl Stone Soup version 0.23-a0-270-gab6feb3 (webtiles) character file.

1976 tilp the Magician (level 9, 0/65 HPs)
             Began as a Merfolk Ice Elementalist on Oct 1, 2018.
             Slain by a gnoll
             ... wielding a +2 halberd of electrocution
              (17 damage)
             ... in a bailey.
             The game lasted 00:24:59 (8171 turns).

tilp the Magician (Merfolk Ice Elementalist)        Turns: 8171, Time: 00:25:00

Health: 0/65       AC:  6    Str:  8    XL:     9   Next: 20%
Magic:  11/18      EV: 16    Int: 17    God:
Gold:   336        SH:  0    Dex: 15    Spells: 14/20 levels left

rFire    . . .     SeeInvis .   s - +2 dagger (elec)
rCold    . . .     Gourm    .   (no shield)
rNeg     . . .     Faith    .   a - +1 robe
rPois    .         Spirit   .   q - +0 helmet
rElec    .         Reflect  .   (no cloak)
rCorr    .         Harm     .   t - +0 pair of gloves
MR       .....                  y - +0 pair of boots
Stlth    ++........             d - amulet of rage
HPRegen  0.20/turn              (no ring)
MPRegen  0.16/turn              (no ring)

@: no status effects
A: change form in water, swift swim, stealthy swim
a: Evoke Berserk Rage


You were in a bailey.
You were not hungry.

You visited 1 branch of the dungeon, and saw 7 of its levels.
You also visited: Bailey.

You collected 336 gold pieces.

Inventory:

Hand Weapons
 f - a +2 halberd of chopping
 s - a +2 dagger of electrocution (weapon)
 w - a +0 trident
 z - a +1 halberd of electrocution
 A - a +1 halberd of electrocution
Missiles
 p - 9 tomahawks (quivered)
 r - 55 tomahawks of returning
Armour
 a - a +1 robe (worn)
 n - a cursed -1 shield
 q - a +0 helmet (worn)
 t - a +0 pair of gloves (worn)
 y - a +0 pair of boots (worn)
Jewellery
 d - an amulet of rage (around neck)
 l - an uncursed amulet of regeneration
Wands
 i - a wand of paralysis (12)
Scrolls
 b - 2 scrolls of enchant weapon
 j - a scroll of fear
 x - a scroll of teleportation
Potions
 e - 2 potions of mutation
 g - 4 potions of curing
 h - a potion of invisibility
 k - a potion of degeneration {unknown}
 o - a potion of flight {unknown}
 u - a potion of magic {unknown}
 v - a potion of might
 B - 4 potions of heal wounds
Comestibles
 c - 12 rations
 m - 7 chunks of flesh


   Skills:
 - Level 4.0 Fighting
 + Level 0.4 Polearms
 - Level 6.0 Dodging
 - Level 2.1 Stealth
 - Level 6.2 Spellcasting
 - Level 2.0 Conjurations
 - Level 4.0 Charms
 - Level 6.1 Ice Magic
 - Level 4.1 Evocations


You had 14 spell levels left.
You knew the following spells:

 Your Spells              Type           Power        Failure   Level  Hunger
a - Freeze                Ice            ####         1%          1    None
b - Throw Frost           Conj/Ice       ###...       3%          2    None
c - Ozocubu's Armour      Chrm/Ice       ###.....     4%          3    ##.....

Your spell library contained the following spells:

 Spells                   Type           Power        Failure   Level  Hunger
 Throw Icicle             Conj/Ice       ###.....     24%         4    ####...
 Summon Ice Beast         Ice/Summ       ###.....     34%         4    ####...


Dungeon Overview and Level Annotations

Branches:
Dungeon (7/15)
 Temple: D:4-7

Altars:
Kikubaaqudgha
Vehumet
Xom
Yredelemnul

Shops:
D:4 :

Annotations:
D:2 2 transporters, Menkaure
D:3 Sigmund


Message History

Casting: Freeze (safe; 1% risk of failure)
Confirm with . or Enter, or press ? or * to list all spells.
Aiming: Freeze (safe; 1% risk of failure)
Press: ? - help, Shift-Dir - straight line, f - gnoll
Aim: a gnoll, wielding a halberd of electrocution (hasn't noticed you)
You freeze the gnoll.
The gnoll shouts!
The gnoll is lightly wounded.
You hear a shout!
The gnoll hits you with a halberd of electrocution!
Casting: Freeze (safe; 1% risk of failure)
Confirm with . or Enter, or press ? or * to list all spells.
Aiming: Freeze (safe; 1% risk of failure)
Press: ? - help, Shift-Dir - straight line, f/p - gnoll
Aim: a gnoll, wielding a halberd of electrocution (lightly wounded)
You freeze the gnoll.
The gnoll is moderately wounded.
The gnoll hits you with a halberd of electrocution.
You are electrocuted!
You die... #.###.###)#.###.###.# ### ### ##### ### #'# #g#.###.###.# #K###'##'##÷## . gK# ##.....## ..gog

###.....###
..⌠.
#.').⌠..'.#
...
###.....###
o. ##@....##
#'###g##'##'#
#)))###.###.#
##### ### ##


You could see a gnoll.

Vanquished Creatures
  Duvessa (D:6)
  2 orc warriors
  An ice beast (D:5)
  A necrophage (D:7)
  A bullfrog (D:6)
  Dowan (D:6)
  A scorpion (D:7)
  A howler monkey (D:4)
  6 crimson imps
  A bullfrog zombie (D:5)
  2 gnoll shamans (D:5)
  A hound (D:5)
  A jelly (D:6)
  7 orc priests
  A bullfrog skeleton (D:5)
  3 orc wizards
  Jessica (D:2)
  2 iguanas
  6 worker ants
  21 gnolls
  8 adders
  An ooze (D:1)
  3 dart slugs
  5 leopard geckos
  18 orcs
  3 giant cockroaches
  6 goblins
  14 hobgoblins
  3 jackals
  2 quokkas (D:4)
  6 bats
  3 frilled lizards
  20 kobolds
  8 rats
161 creatures vanquished.

Notes
Turn   | Place    | Note
-------+----------+-------------------------------------------
     0 | D:1      | tilp the Merfolk Ice Elementalist began the quest for the
                  | Orb.
     0 | D:1      | Reached XP level 1. HP: 13/13 MP: 3/3
   111 | D:1      | Reached XP level 2. HP: 10/19 MP: 0/5
   123 | D:1      | Learned a level 2 spell: Throw Frost
   546 | D:1      | Reached XP level 3. HP: 24/24 MP: 2/6
  1081 | D:2      | Learned a level 3 spell: Ozocubu's Armour
  1108 | D:2      | Reached skill level 5 in Ice Magic
  1252 | D:2      | Noticed Jessica
  1261 | D:2      | Killed Jessica
  1261 | D:2      | Reached XP level 4. HP: 17/30 MP: 5/7
  1488 | D:2      | Found a transporter.
  1492 | D:2      | Found a transporter.
  1492 | D:2      | Noticed a necrophage
  1495 | D:2      | Noticed Menkaure
  1502 | D:2      | Found a basalt altar of Yredelemnul.
  1512 | D:2      | Found an ancient bone altar of Kikubaaqudgha.
  1820 | D:3      | Noticed Sigmund
  2025 | D:3      | Reached XP level 5. HP: 13/35 MP: 3/8
  2341 | D:3      | Found a shimmering altar of Xom.
  2345 | D:3      | Reached skill level 1 in Fighting
  2367 | D:3      | Reached XP level 6. HP: 44/44 MP: 4/9
  2994 | D:4      | Reached skill level 5 in Dodging
  3112 | D:4      | Reached XP level 7. HP: 9/53 MP: 0/10
  3421 | D:4      | Found Boxumom's Book Boutique.
  3811 | D:5      | Entered Level 5 of the Dungeon
  4100 | D:5      | Found a radiant altar of Vehumet.
  4160 | D:5      | Reached skill level 1 in Conjurations
  4201 | D:5      | Reached skill level 1 in Charms
  4501 | D:5      | Reached skill level 1 in Evocations
  5130 | D:5      | Reached XP level 8. HP: 39/60 MP: 1/12
  5288 | D:6      | Noticed Duvessa
  6858 | D:6      | Noticed Dowan
  6943 | D:6      | Killed Duvessa
  7086 | D:6      | Killed Dowan
  7325 | D:7      | Reached skill level 5 in Spellcasting
  7325 | D:7      | Reached XP level 9. HP: 62/65 MP: 10/16
  7507 | D:7      | Found a flagged portal.
  7557 | Bailey   | Entered a bailey
  8171 | Bailey   | Slain by a gnoll

Vault maps used:
D:1:      minmay_arrival_shattered_statue, st_stairs_1
D:2:      gammafunk_temple_of_torment, uniq_jessica
D:3:      led_xom_imps, first_ration, corner_web_ring, uniq_sigmund
D:4:      serial_shops, shop, item_on_display_a, uniq_menkaure
D:5:      vehumet_crystals
D:6:      kennysheep_minor_cross, bh_walls_and_bars, uniq_duvessa
D:7:      minmay_temple_entry_hall, enter_bailey_8, uniq_crazy_yiuf_cottage
Bailey:   bailey_axe_2, bailey

Skill      XL: |  1  2  3  4  5  6  7  8  9 |
---------------+----------------------------+-----
Ice Magic      | 4 5 6 |  6.1
Fighting       | 2 3 4 |  4.0
Dodging        | 4 5 6 |  6.0
Conjurations   | 2 |  2.0
Charms         | 2 4 |  4.0
Evocations     | 2 4 |  4.1
Spellcasting   | 5 6 |  6.2
Polearms       | |  0.4
Stealth        | |  2.1

Action                   |  1- 3 |  4- 6 |  7- 9 || total
-------------------------+-------+-------+-------++-------
Melee: Dagger            |     4 |     1 |   229 ||   234
       Whip              |       |    66 |     2 ||    68
Throw: Stone             |    86 |       |       ||    86
       Tomahawk          |       |     5 |     2 ||     7
 Cast: Freeze            |    51 |    44 |   123 ||   218
       Throw Frost       |       |     4 |    15 ||    19
       Ozocubu's Armour  |       |       |    12 ||    12
 Abil: Evoke Berserk Rag |       |       |     3 ||     3
Evoke: Wand              |       |       |     2 ||     2
  Use: Scroll            |     3 |     7 |     5 ||    15
       Potion            |       |     2 |     1 ||     3
 Stab: Sleeping          |     1 |     5 |     4 ||    10
  Eat: Chunk             |     2 |     7 |    17 ||    26
       Ration            |       |       |     1 ||     1
Armor: Robe              |     9 |     8 |    67 ||    84
Dodge: Dodged            |    31 |    71 |   348 ||   450

Table legend:
 A = Non-vault XP
 B = Vault XP
 C = Vault XP percentage of total XP
 D = Non-vault monster count
 E = Vault monster count
 F = Vault count percentage of total count
                 A         B        C        D         E       F
            +---------+---------+-------+---------+---------+-------
      Total |    2025 |     798 |  28.3 |     120 |      41 |  25.5
            +---------+---------+-------+---------+---------+-------
        D:1 |      52 |       5 |   8.8 |      28 |       3 |   9.7
        D:2 |      26 |      37 |  58.7 |       8 |       1 |  11.1
        D:3 |     129 |     196 |  60.3 |      17 |       4 |  19.0
        D:4 |     221 |       0 |   0.0 |      14 |       0 |   0.0
        D:5 |     813 |       0 |   0.0 |      26 |       0 |   0.0
        D:6 |     544 |     230 |  29.7 |      23 |       2 |   8.0
        D:7 |     240 |       0 |   0.0 |       4 |       0 |   0.0
     Bailey |       0 |     330 | 100.0 |       0 |      31 | 100.0
            +---------+---------+-------+---------+---------+-------
